 Dungeon Crawl Stone Soup version 0.28-a0-794-gafe8c5f9e9 (webtiles) character file.

Game seed: 15203492310650795268

55 croobank the Bolt Thrower (level 3, 0/20 HPs)
             Began as a Tengu Arcane Marksman on Nov 6, 2021.
             Succumbed to an adder's poison
             ... on level 2 of the Dungeon.
             The game lasted 00:09:32 (1742 turns).

croobank the Bolt Thrower (Tengu Arcane Marksman)   Turns: 1742, Time: 00:09:33

Health: 0/20       AC:  3    Str: 10 (11) XL:     3   Next: 93%
Magic:  5/5        EV: 12    Int: 11 (13) God:
Gold:   15         SH:  0    Dex: 12 (14) Spells: 3/4 levels left

rFire   + . .      SeeInvis .   a - +0 hand crossbow
rCold   + . .      Faith    .   (no shield)
rNeg    . . .      Spirit   .   f - +0 leather armour
rPois   +          Reflect  .   (helmet restricted)
rElec   +          Harm     .   (no cloak)
rCorr   +          Rampage  .   (no gloves)
Will    .....                   (boots unavailable)
Stlth   +.........              (no amulet)
HPRegen 0.06/turn               (no ring)
MPRegen 0.09/turn               (no ring)

@: lethally poisoned (0 -> -5), resistant
A: beak, talons 3
a: no special abilities


You were on level 2 of the Dungeon.
You visited 1 branch of the dungeon, and saw 2 of its levels.

You collected 15 gold pieces.

Inventory:

Hand Weapons
 a - a +0 hand crossbow (weapon)
 i - a +0 short sword
 k - a +2 dagger of venom
 l - a +0 dagger
 m - a +0 short sword
Missiles
 c - 15 bolts (quivered ammo)
 j - 33 stones
Armour
 d - a +0 robe
 f - a +0 leather armour (worn)
Scrolls
 e - a scroll of blinking {unknown}
 g - a scroll of identify {unknown}
 h - 2 scrolls of fear {unknown}


   Skills:
 + Level 1.2 Fighting
 + Level 0.1 Short Blades
 + Level 3.3 Crossbows
 + Level 2.7 Dodging
 + Level 0.1 Stealth
 + Level 1.0 Spellcasting
 + Level 2.6 Hexes


You had 3 spell levels left.
You knew the following spells:

 Your Spells              Type           Power      Damage    Failure   Level
a - Slow                  Hex            24%        N/A       16%         1

Your spell library contained the following spells:

 Spells                   Type           Power      Damage    Failure   Level
 Inner Flame              Hex/Fire       3%         N/A       61%         3
 Portal Projectile        Hex/Tloc       6%         N/A       61%         3
 Cause Fear               Hex            3%         N/A       83%         4


Dungeon Overview and Level Annotations

Branches:
Dungeon (2/15)

Altars:

Shops:
D:1 ?


Innate Abilities, Weirdness & Mutations

You have a beak for a mouth.
You have claws for feet.


Message History

Press: ? - help, Q - select action, (/) - cycle Shift-Dir - straight line, f/p - adder
Aim: an adder (moderately wounded, 46% to hit)
You shoot a bolt. The bolt closely misses the adder. x2
The adder closely misses you. The adder bites you but does no damage.
Fire: 19 bolts
Press: ? - help, Q - select action, (/) - cycle Shift-Dir - straight line, f/p - adder
Aim: an adder (moderately wounded, 46% to hit)
You shoot a bolt. The bolt hits the adder!
You kill the adder!
The adder barely misses you.
Fire: 18 bolts
Press: ? - help, Q - select action, (/) - cycle Shift-Dir - straight line, f - adder
Aim: an adder (46% to hit)
You shoot a bolt. The bolt barely misses the adder.
The adder bites you. The adder closely misses you.
Unknown command.
Fire: 17 bolts
Press: ? - help, Q - select action, (/) - cycle Shift-Dir - straight line, f/p - adder
Aim: an adder (46% to hit)
You shoot a bolt. The bolt hits the adder!
The adder is severely wounded.
The adder bites you.
Fire: 16 bolts
Press: ? - help, Q - select action, (/) - cycle Shift-Dir - straight line, f/p - adder
Aim: an adder (severely wounded, 46% to hit)
You shoot a bolt. The bolt misses the adder.
The adder bites you.
* * * LOW HITPOINT WARNING * * *
You are lethally poisoned!
The adder poisons you! The adder closely misses you.
* * * LOW HITPOINT WARNING * * *
You feel sick.
It was a potion of resistance.
You feel protected.
* * * LOW HITPOINT WARNING * * *
You feel sick. The adder barely misses you. The adder closely misses you.
It was a potion of degeneration.
There was something very wrong with that liquid.
You feel weakened.
You feel dopey.
You feel clumsy.
You die...

.# .# .# ###.# ... #.# ##
############.###### ..
'...(...(.(...(S..## #.#
##(...[...######@..## #..#
#..........#....#..######..#
.((......##...#####........#
##.......###### ###..####.#
#####...# #.........# #####
#.........# ...........[.#
......###.###.# ......
#..##.####


You could see an adder.

Vanquished Creatures
  2 adders (D:2)
  A dart slug (D:1)
  An endoplasm (D:1)
  2 giant cockroaches (D:1)
  4 goblins (D:1)
  3 hobgoblins (D:1)
  5 jackals (D:2)
  A quokka (D:1)
  2 bats (D:1)
  A frilled lizard (D:1)
  6 kobolds
  3 rats
31 creatures vanquished.

Vanquished Creatures (others)
  2 fungi (D:2)
  5 plants (D:2)
7 creatures vanquished.

Grand Total: 38 creatures vanquished

Notes
Turn   | Place    | Note
-------+----------+-------------------------------------------
     0 | D:1      | croobank the Tengu Arcane Marksman began the quest for the
                  | Orb.
     0 | D:1      | Reached XP level 1. HP: 12/12 MP: 3/3
   163 | D:1      | Reached XP level 2. HP: 14/16 MP: 4/4
  1199 | D:1      | Found Zeizeo's Magic Scroll Boutique.
  1356 | D:1      | Reached XP level 3. HP: 20/20 MP: 5/5
  1582 | D:2      | Reached skill level 3 in Crossbows
  1741 | D:2      | HP: 1/20 [poisoned by an adder]
  1742 | D:2      | Succumbed to an adder's poison

Illustrated notes

Levels and vault maps discovered:
D:1:      wander_arrival_peaceful_grave, layout_basic, serial_shops, shop_statue
D:2:      minmay_roachtagon, layout_basic,
          shapermc_ecumenical_altar_mp_urbaneastern, nrook_mini_backslash,
          uniq_terence

Skill      XL: |  1  2  3 |
---------------+----------+-----
Crossbows      | 3 |  3.3
Fighting       | |  1.2
Short Blades   | |  0.1
Dodging        | |  2.7
Stealth        | |  0.1
Spellcasting   | |  1.0
Hexes          | |  2.6

Action                   || total
-------------------------++-------
Melee: Dagger            ||     2
 Fire: Hand crossbow     ||    76
  Use: Potion            ||     2
Armor: Leather armour    ||     7
Dodge: Dodged            ||    27

Table legend: (Time is in decaauts)
 A = Elapsed time spent in this place.
 B = Non-inter-level travel time spent in this place.
 C = Inter-level travel time spent in this place.
 D = Time resting spent in this place.
 E = Time spent auto-exploring this place.
 F = Levels seen in this place.
 G = Mean time per level.
                   A        B        C        D        E       F      G
               +--------+--------+--------+--------+--------+-----+--------+
         Total |   1769 |   1746 |     23 |    697 |    714 |   2 |  884.5 |
       Dungeon |   1769 |   1746 |     23 |    697 |    714 |   2 |  884.5 |
               +--------+--------+--------+--------+--------+-----+--------+

Top non-repeatable levels by time:
     D:1: 1492 daAuts
     D:2: 276 daAuts
